 Dungeon Crawl Stone Soup version 0.26.1-11-gd32895ea62 (webtiles) character file.

Game seed: 18433546968366652107

290 Descartes the Magician (level 6, -2/38 HPs)
             Began as a Deep Elf Hedge Wizard on May 30, 2021.
             Killed from afar by an orc wizard (6 damage)
             ... with a magic dart
             ... on level 3 of the Dungeon.
             The game lasted 00:09:33 (4155 turns).

Descartes the Magician (Deep Elf Hedge Wizard)      Turns: 4155, Time: 00:09:33

Health: -2/38      AC:  6    Str:  8    XL:     6   Next: 9%
Magic:  20/26      EV: 13    Int: 20    God:
Gold:   107        SH:  0    Dex: 14    Spells: 16/17 levels left

rFire    . . .     SeeInvis .   a - +0 dagger
rCold    . . .     Faith    .   (no shield)
rNeg     . . .     Spirit   .   u - +2 robe {Archmagi}
rPois    .         Reflect  .   c - +1 hat
rElec    .         Harm     .   (no cloak)
rCorr    .         Rampage  .   k - +0 pair of gloves
Will     .....     Rnd*Tele +   (no boots)
Stlth    ++........             (no amulet)
HPRegen  0.12/turn              r - ring of teleportation (curse)
MPRegen  0.20/turn              w - ring of magical power

@: hasted, very quick
A: robust 2, teleportitis 1
a: no special abilities


You were on level 3 of the Dungeon.
You visited 1 branch of the dungeon, and saw 4 of its levels.

You collected 241 gold pieces.
You spent 134 gold pieces at shops.

Inventory:

Hand Weapons
 a - a +0 dagger (weapon)
Missiles
 e - 61 stones
 h - 33 arrows
 o - 9 poisoned darts
Armour
 c - a +1 hat (worn)
 k - a +0 pair of gloves (worn)
 u - a +2 robe of the Archmagi (worn)
Magical Staves
 s - an uncursed staff of death
Jewellery
 r - a cursed ring of teleportation (left hand)
 w - a ring of magical power (right hand)
Wands
 m - a wand of digging (8)
Scrolls
 b - a scroll of identify
 f - 2 scrolls of enchant armour
 g - a scroll of blinking
Potions
 d - a potion of magic
 j - a potion of cancellation
 l - a potion of attraction {unknown}
 p - 2 potions of might
 t - a potion of berserk rage {unknown}
 v - a potion of lignification {unknown}


   Skills:
 - Level 2.4 Dodging
 - Level 2.4 Stealth
 - Level 6.0 Spellcasting
 + Level 5.9 Conjurations
 - Level 1.1 Summonings
 - Level 1.1 Translocations


You had 16 spell levels left.
You knew the following spells:

 Your Spells              Type           Power        Failure   Level
a - Magic Dart            Conj           100%         1%          1

Your spell library contained the following spells:

 Spells                   Type           Power        Failure   Level
 Blink                    Tloc           N/A          10%         2
 Call Imp                 Summ           15%          10%         2
 Conjure Flame            Conj/Fire      26%          10%         3
 Mephitic Cloud           Conj/Pois/Air  20%          14%         3
 Slow                     Hex            9%           16%         2


Dungeon Overview and Level Annotations

Branches:
Dungeon (4/15)
 Temple: D:4-7

Altars:
Ashenzari
Dithmenos
Fedhas
Hepliaklqana
The Shining One

Shops:
D:4 [*}

Annotations:
D:3 exclusion: oklob plant


Innate Abilities, Weirdness & Mutations

You are very robust. (+20% HP)
You are occasionally teleported next to monsters.


Message History

Something hits you but does no damage. Something hits you but does no damage.
Casting: Magic Dart (safe; 1% risk of failure)
Confirm with . or Enter, or press ? or * to list all spells.
You can't see any susceptible monsters within range! (Use Z to cast anyway.) Unknown command.
You feel yourself speed up. Something hits you.
* * * LOW HITPOINT WARNING * * *
You feel better. Something barely misses you.
a - a +0 dagger (weapon)
Something hits you.
* * * LOW HITPOINT WARNING * * *
You closely miss something. Something hits you but does no damage.
Really quaff the potion of mutation?
You feel extremely strange.
You feel robust.
You feel weirdly uncertain.
You feel robust.
You see here 13 stones.
A magic dart appears from out of thin air!
The magic dart hits you.
You die...

#.############# #....# ###.#.###
..............####....# #.....)..
................>###### #.#.#.###
#.############.#.# #.#.#.# #
#........# #.#.# #.#.#.# #
########.# #...# #.#.#.# # ....#
#.# ##..## #...#.# # ###.# #.#
#...# #####.# # ###.# #.# ##@.#
#.### ....# #.# #..# #....
....####.#######(.###############
....##..........{..#.............
################...#.############


PPPPPPPP.P P# ###...# #.P#PPPP ##P# #...# PPP##P###.P.# ##..# P.PPPPPPP#PP# #..#
There were no monsters in sight!

Vanquished Creatures
  A centaur skeleton (D:4)
  An orc priest (D:4)
  A hound (D:4)
  An orc wizard (D:3)
  A hound skeleton (D:4)
  6 adders
  4 worms
  3 dart slugs
  5 leopard geckos
  6 orcs
  4 bats
  4 giant cockroaches
  9 goblins
  5 hobgoblins
  5 jackals
  11 kobolds
  A ball python (D:2)
  6 frilled lizards
  7 rats
81 creatures vanquished.

Notes
Turn   | Place    | Note
-------+----------+-------------------------------------------
     0 | D:1      | Descartes the Deep Elf Hedge Wizard began the quest for the
                  | Orb.
     0 | D:1      | Reached XP level 1. HP: 10/10 MP: 7/7
   324 | D:1      | Reached XP level 2. HP: 15/15 MP: 7/9
   593 | D:1      | Reached skill level 5 in Spellcasting
   632 | D:1      | You fall into a shaft and drop 1 floor!
   885 | D:2      | Reached XP level 3. HP: 19/19 MP: 2/11
   996 | D:2      | Found a glowing golden altar of the Shining One.
  1303 | D:2      | Found a broken altar of Ashenzari.
  1537 | D:2      | Found a hazy altar of Hepliaklqana.
  1744 | D:2      | Reached XP level 4. HP: 24/24 MP: 10/13
  2331 | D:3      | Reached skill level 6 in Spellcasting
  2884 | D:3      | Reached XP level 5. HP: 28/28 MP: 10/15
  2918 | D:3      | Found a blossoming altar of Fedhas.
  2919 | D:3      | Noticed an oklob plant
  3561 | D:4      | Reached skill level 5 in Conjurations
  3629 | D:4      | Found a shadowy altar of Dithmenos.
  3796 | D:4      | Found Niut's Assorted Antiques.
  3806 | D:4      | Bought a metallic silvery potion for 18 gold pieces
  3806 | D:4      | Bought a blue potion for 18 gold pieces
  3806 | D:4      | Bought a runed robe for 77 gold pieces
  3806 | D:4      | Bought a scroll labelled WUOCEI ZOHA for 21 gold pieces
  3895 | D:4      | Found Karapsae's Armour Shop.
  4106 | D:4      | Found Dyturphua's Gadget Shoppe.
  4123 | D:4      | Reached XP level 6. HP: 18/32 MP: 17/17
  4131 | D:4      | HP: 1/32 [something/puff of frost (9)]
  4145 | D:3      | HP: 1/32 [something (4)]
  4149 | D:3      | Gained mutation: You are robust. (+10% HP) [potion of
                  | mutation]
  4149 | D:3      | Gained mutation: You are occasionally teleported next to
                  | monsters. [potion of mutation]
  4149 | D:3      | Gained mutation: You are very robust. (+20% HP) [potion of
                  | mutation]
  4155 | D:3      | Killed from afar by an orc wizard

Illustrated notes

Levels and vault maps discovered:
D:1:      noname_arrival_rooms_in_the_neighbourhood, layout_basic
D:2:      layout_loops_ring, overflow_temple_1_default, lemuel_doored_altar,
          nzn_hepliaklqana_mist_gate, minmay_hexomino_c4
D:3:      minmay_diamond_boxcup, layout_basic, tgw_fedhas
D:4:      layout_loops_ring, lemuel_round_altar, serial_shops,
          nicolae_shop_statue_plus, nicolae_shop_statue_plus,
          nicolae_shop_trees, shop, shop

Skill      XL: |  1  2  3  4  5 |
---------------+----------------+-----
Conjurations   | 2 3 4 5 |  5.9
Spellcasting   | 5 6 |  6.0
Dodging        | |  2.4
Stealth        | |  2.4
Summonings     | |  1.1
Translocations | |  1.1

Action                   |  1- 3 |  4- 6 || total
-------------------------+-------+-------++-------
Melee: Dagger            |     2 |     2 ||     4
       Staff             |       |     1 ||     1
 Cast: Magic Dart        |    96 |   134 ||   230
  Use: Scroll            |       |    12 ||    12
       Potion            |       |     5 ||     5
Armor: Robe              |       |    14 ||    14
Dodge: Dodged            |    11 |    35 ||    46
